[Event "*** Titled Tuesday Blitz"]
[Site "Chess.com"]
[Date "2019.02.05"]
[Round "2"]
[White "SuperCheese"]
[Black "GeorgMeier"]
[Result "0-1"]
[WhiteElo "2571"]
[BlackElo "2846"]
[TimeControl "180+2"]
[EndTime "13:22:53 PST"]
[Termination "GeorgMeier won by resignation"]

1. d4 e6 2. c4 b6 3. e4 Bb4+ 4. Bd2 Bxd2+ 5. Qxd2 d5 6. cxd5 exd5 7. e5 Ne7 8. Nc3 O-O 9. h3 c5 10. Nf3 Nbc6 11.
Bd3 cxd4 12. Nb5 Bf5 13. O-O Bxd3 14. Qxd3 Ng6 15. Rfe1 Re8 16. Qf5 Qe7 17. Nbxd4 Nxd4 18. Nxd4 Qb4 19. Rad1 Qxb2 20. e6 fxe6 21. Nxe6 Qf6 22. Qxd5 Qf7 23. Nc7 Qxd5 24. Nxd5 Rxe1+ 25. Rxe1 Rd8 26.
Ne7+ Kf7 27. Nxg6 hxg6 28. Re2 Rd3 29. Kh2 Ra3 30. Rc2 g5 31. f3 Ke6 32. Kg3 Ra4 33.
Rd2 b5 34. Kf2 Ke5 35. Kg3 a6 36. Kf2 Kf4 37. Re2 Rc4 38. g4 b4 39. Kg2 a5 40.
Kf2 a4 41. Rb2 Ke5 42. Kg3 Kd4 43. h4 Kc3 44. Re2 gxh4+ 45. Kxh4 b3 46. axb3 axb3 47. Kg5 b2 48. Re1 Rc6 49. f4 Kd2 50. Rh1 Rb6 51. f5 Kc2 52. Rh2+ Kb3 53. Rh1 Ka2 54. Rh2 Ka1 55.
Rxb2 Kxb2 56. Kh5 Rh6+ 57. Kg5 Kc3 58. Kf4 Kd4 59. g5 Rh4+ 60. Kg3 Re4 61. f6 gxf6 62.
gxf6 Re6 63. Kg4 Rxf6 64. Kg5 0-1

[Event "*** Titled Tuesday Blitz"]
[Site "Chess.com"]
[Date "2019.02.05"]
[Round "2"]
[White "jcibarra"]
[Black "dcremisi"]
[Result "0-1"]
[WhiteElo "2702"]
[BlackElo "2344"]
[TimeControl "180+2"]
[EndTime "13:22:56 PST"]
[Termination "dcremisi won by resignation"]

1. e4 e6 2. d4 d5 3. Nd2 a6 4. Ngf3 Nf6 5. e5 Nfd7 6. c4 c5 7. cxd5 exd5 8. Bd3 Nc6 9. O-O Be7 10. Re1 Nxd4 11.
Nxd4 cxd4 12. Qh5 Nc5 13. Bb1 Be6 14. Nf3 d3 15. b4 Ne4 16. Bxd3 Bxb4 17. Re2 g6 18.
Qh6 Bf8 19. Qf4 Nc5 20. Bc2 Bg7 21. Ba3 Rc8 22. Qe3 b6 23. Nd4 Qd7 24. f4 O-O 25. Rf1 Ne4 26. Bxe4 dxe4 27. Nxe6 fxe6 28. Bxf8 Bxf8 29.
Qxe4 Bc5+ 30. Kh1 Rd8 31. h3 Qb5 32. Rb1 Qd7 33. a4 a5 34. Kh2 Qf7 35. Qf3 Rd4 36. Re4 Rd2 37. Rd1 Qd7 38. Rxd2 Qxd2 39. Qe2 Qc1 40.
Qe1 Qc2 41. Qe2 Qc1 42. Rc4 Qg1+ 43. Kg3 Kg7 44. Rc2 h5 45. Rd2 Kh6 46. Rd1 h4+ 47. Kxh4 Bf2+ 48. Qxf2 Qxf2+ 49. g3 Qe2 0-1

[Event "*** Titled Tuesday Blitz"]
[Site "Chess.com"]
[Date "2019.02.05"]
[Round "2"]
[White "Jooonaaas1996"]
[Black "volodja49"]
[Result "1-0"]
[WhiteElo "2284"]
[BlackElo "2420"]
[TimeControl "180+2"]
[EndTime "13:22:56 PST"]
[Termination "Jooonaaas1996 won by resignation"]

1. e4 e6 2. d4 d5 3. Nc3 dxe4 4. Nxe4 Nd7 5. Nf3 Ngf6 6. Bd3 c5 7. Nxc5 Nxc5 8.
dxc5 Bxc5 9. O-O h6 10. Qe2 O-O 11. c3 Qc7 12. Ne5 b6 13. Bf4 Bd6 14. Bg3 Bb7 15. Rfe1 Rad8 16. Rad1 Rfe8 17. Bc2 Ba8 18. Ba4 Rf8 19. Bb3 Ne4 20. Rxd6 Nxg3 21. hxg3 Rde8 22.
Rd7 Qc5 23. Rd4 Rd8 24. Red1 Rxd4 25. Rxd4 Re8 26. Nf3 a5 27. a4 Bc6 28. Qc4 Rb8 29.
Rd2 Qxc4 30. Bxc4 Bxa4 31. Ne5 Be8 32. Be2 b5 33. Bf3 b4 34. cxb4 axb4 35. Bc6 Bxc6 36.
Nxc6 Rb6 37. Ne5 f6 38. Nc4 Rc6 39. b3 Ra6 40. f3 Ra1+ 41. Kf2 Rb1 42. Na5 Ra1 43.
Nc6 Rb1 44. Rd3 Rb2+ 45. Kg1 Rb1+ 46. Kh2 e5 47. Nxb4 Kf7 48. Nd5 Ke6 49. g4 Rb2 50.
Ne3 g6 51. Rc3 f5 52. gxf5+ gxf5 53. Kg1 f4 54. Nc2 h5 55. Nb4 h4 56. Nd3 Kd5 57. Nf2 Kd4 58. Rd3+ Kc5 59. Ne4+ Kb5 60. Rd5+ Kb4 61. Rxe5 1-0

[Event "*** Titled Tuesday Blitz"]
[Site "Chess.com"]
[Date "2019.02.05"]
[Round "2"]
[White "twitchTriniCupid"]
[Black "sandager"]
[Result "1-0"]
[WhiteElo "2253"]
[BlackElo "2125"]
[TimeControl "180+2"]
[EndTime "13:22:57 PST"]
[Termination "twitchTriniCupid won on time"]

1. d4 Nf6 2. c4 g6 3. Nc3 d5 4.
Nf3 Bg7 5. Bf4 O-O 6. e3 c5 7.
dxc5 Be6 8. Ng5 Qa5 9. Qa4 Qxa4 10. Nxa4 Ne4 11. Nxe6 fxe6 12. f3 Nf6 13. O-O-O Nc6 14. Bg5 Rfd8 15. Be2 Rac8 16. Kb1 Kf7 17. Rhe1 h6 18.
Bh4 g5 19. Bf2 Ne8 20. h4 Nc7 21. Rh1 Ne5 22. hxg5 hxg5 23. cxd5 exd5 24. Bg3 Ne6 25. Rc1 Nd7 26. b4 a5 27. a3 axb4 28. axb4 Ra8 29. Nb2 Ra3 30. e4 d4 31. Bc4 Rda8 32.
Rhd1 Ne5 33. Bxe5 Bxe5 34. Kc2 Re3 35. Nd3 Bf4 36. Ra1 Re2+ 37. Kb3 Rxa1 38. Rxa1 Rxg2 39. Ra7 Kf6 40. Rxb7 Be3 41. Rb6 1-0

[Event "*** Titled Tuesday Blitz"]
[Site "Chess.com"]
[Date "2019.02.05"]
[Round "2"]
[White "Jenia84"]
[Black "gemarin"]
[Result "1-0"]
[WhiteElo "2197"]
[BlackElo "2070"]
[TimeControl "180+2"]
[EndTime "13:22:57 PST"]
[Termination "Jenia84 won on time"]

1. e4 c5 2. Nf3 Nc6 3. d4 cxd4 4.
Nxd4 Nf6 5. Nc3 d6 6. Bg5 e6 7.
Qd2 a6 8. f4 h6 9. Bxf6 Qxf6 10.
Nxc6 bxc6 11. Be2 Be7 12. O-O-O Rb8 13. Rhf1 O-O 14. g4 Qh4 15. Rg1 e5 16. g5 Qxf4 17. Qxf4 exf4 18. gxh6 g6 19. Rdf1 Kh7 20. Rxf4 Kxh6 21.
h4 Be6 22. Nd1 a5 23. Nf2 d5 24. Bg4 Bc5 25. Bxe6 Be3+ 26. Kd1 Bxf4 27. Bd7 Be3 28. Ng4+ Kg7 29. Nxe3 dxe4 30. Bxc6 Rxb2 31. Ke2 Rxa2 32. Bxe4 Re8 33. Bd3 Rb2 34. Kd2 Rb4 35. h5 Re6 36. hxg6 fxg6 37. Nd5 Rd4 38. Nc7 Re5 39. Rxg6+ Kf7 40.
Ra6 Rc5 41. Ne6 Rxd3+ 42. cxd3 Rb5 43. Nd4 Rh5 44. Nc6 Ke6 45. Nxa5+ Kd7 46. Nc4 Rh2+ 47. Kc3 1-0

[Event "*** Titled Tuesday Blitz"]
[Site "Chess.com"]
[Date "2019.02.05"]
[Round "2"]
[White "Alexander_Donchenko"]
[Black "moro182"]
[Result "1-0"]
[WhiteElo "2673"]
[BlackElo "2751"]
[TimeControl "180+2"]
[EndTime "13:22:58 PST"]
[Termination "Alexander_Donchenko won by checkmate"]

1. Nf3 d5 2. g3 Nf6 3. Bg2 e6 4.
O-O c5 5. c4 d4 6. e3 Nc6 7.
exd4 cxd4 8. d3 h6 9. Re1 Bd6 10. Na3 O-O 11. Bd2 Re8 12. Rc1 e5 13. c5 Bf8 14. b4 a5 15. b5 Nb4 16. Nxe5 Nxa2 17. Ra1 Nb4 18. c6 Qc7 19. Nac4 bxc6 20. Nxc6 Rxe1+ 21. Bxe1 Nxc6 22. bxc6 a4 23. Rxa4 Bg4 24. Qa1 Rxa4 25. Qxa4 Be6 26. Ba5 Qb8 27. Qc2 Qb5 28.
c7 Bc5 29. Bd2 Bc8 30. Qa2 Qd7 31. Qa5 Bd6 32. Nxd6 Qxd6 33. Bf4 Qe6 34. h3 g5 35. Be5 Nd7 36. Bxd4 Nf8 37. Be4 Qd7 38. Qe5 Ng6 39. Qg7# 1-0

[Event "*** Titled Tuesday Blitz"]
[Site "Chess.com"]
[Date "2019.02.05"]
[Round "2"]
[White "Abund"]
[Black "wonderfultime"]
[Result "1-0"]
[WhiteElo "2506"]
[BlackElo "2880"]
[TimeControl "180+2"]
[EndTime "13:23:00 PST"]
[Termination "Abund won on time"]

1. Nf3 Nf6 2. c4 e6 3. Nc3 d5 4. d4 dxc4 5. Qa4+ c6 6. Qxc4 b5 7. Qb3 a6 8. g3 c5 9. dxc5 Bxc5 10. Bg2 O-O 11. O-O Bb7 12. Bg5 Nbd7 13. Rad1 Qb6 14.
a3 h6 15. Bxf6 Nxf6 16. e3 Rfd8 17. Rxd8+ Rxd8 18. Rd1 Rc8 19. Rd3 Bf8 20. Qd1 b4 21. axb4 Qxb4 22. Ne2 Be4 23. Rb3 Qa5 24. Nc3 Bg6 25. Nd4 Qc5 26. Rb7 Qd6 27. Qb3 e5 28. Rb6 Qd8 29. Nc6 Qd2 30. Qd1 Qxd1+ 31. Nxd1 Bd3 32. Nc3 e4 33. Ne5 Bc5 34. Rb7 Bd6 35. Nxd3 exd3 36. Rb6 Be5 37. Rxa6 1-0

[Event "*** Titled Tuesday Blitz"]
[Site "Chess.com"]
[Date "2019.02.05"]
[Round "2"]
[White "maciek_92"]
[Black "FMJoseHerrera"]
[Result "0-1"]
[WhiteElo "2747"]
[BlackElo "2565"]
[TimeControl "180+2"]
[EndTime "13:23:01 PST"]
[Termination "FMJoseHerrera won by resignation"]

1. e4 c5 2. Nf3 e6 3. d4 cxd4 4.
Nxd4 a6 5. c4 Qc7 6. Nc3 Nf6 7. a3 b6 8. Be3 Bb7 9. f3 d6 10. Rc1 Nbd7 11. Be2 h5 12. O-O Be7 13. b4 h4 14. Qd2 h3 15. g3 Rc8 16. Rfe1 Qb8 17.
Bf1 Ne5 18. Na4 Bd8 19. Bf4 Nfd7 20. Rc3 Qa7 21. Be3 Qa8 22. Qf2 Nf6 23. Rec1 Bxe4 24. fxe4 Nxe4 25. Qe2 Nxg3 26. hxg3 h2+ 27. Qxh2 Rxh2 28.
Kxh2 Ng4+ 29. Kg1 Nxe3 30. Rxe3 Bg5 31. Rce1 Bxe3+ 32. Rxe3 Qa7 33. Re4 b5 34. cxb5 axb5 35.
Bxb5+ Kf8 36. Kg2 Qb7 37. Bd3 f5 38. Nxe6+ Kg8 39. Ng5 fxe4 40. Bxe4 d5 41. Bh7+ Kh8 42. Bg6 d4+ 43. Be4 Qe7 44. Bf5 Ra8 45. Nb6 Qxg5 0-1

[Event "*** Titled Tuesday Blitz"]
[Site "Chess.com"]
[Date "2019.02.05"]
[Round "2"]
[White "DrVelja"]
[Black "Shant_Sargsyan"]
[Result "0-1"]
[WhiteElo "2634"]
[BlackElo "2821"]
[TimeControl "180+2"]
[EndTime "13:23:02 PST"]
[Termination "Shant_Sargsyan won by resignation"]

1. e4 e5 2. Nf3 Nc6 3. Bb5 a6 4.
Ba4 Nf6 5. O-O Nxe4 6. d4 b5 7. Bb3 d5 8. dxe5 Be6 9. Nbd2 Be7 10. c3 O-O 11. Bc2 f5 12. Nb3 Qd7 13. Nbd4 Nd8 14. a4 c5 15. Nxe6 Nxe6 16. Qe2 c4 17. Rd1 Bc5 18. Be3 Qc6 19. Nd4 Bxd4 20. cxd4 f4 21. Bc1 f3 22. Qe1 Rad8 23. axb5 axb5 24. g3 N6g5 25.
Bxg5 Nxg5 26. h4 Ne6 27. Qe3 Qd7 28. Kh2 b4 29. Ra6 b3 30. Bb1 Qe7 31. h5 Rf7 32. h6 g6 33. Re1 Rdf8 34. Rd6 Rf4 35. Kg1 Rxd4 36. Rc1 Nf4 37. gxf4 Rfxf4 38. Kf1 Qh4 39. Rd8+ Qxd8 40. e6 Qh4 0-1

[Event "*** Titled Tuesday Blitz"]
[Site "Chess.com"]
[Date "2019.02.05"]
[Round "2"]
[White "vpsetter"]
[Black "GMBenjaminBok"]
[Result "1/2-1/2"]
[WhiteElo "2639"]
[BlackElo "2852"]
[TimeControl "180+2"]
[EndTime "13:23:04 PST"]
[Termination "Game drawn by repetition"]

1. e4 c5 2. Nf3 d6 3. d4 cxd4 4.
Nxd4 Nf6 5. Nc3 a6 6. Bg5 Nbd7 7. Qe2 h6 8. Be3 b5 9. g4 Bb7 10. Bg2 e6 11. f4 b4 12. Nd1 Nxe4 13. O-O Be7 14.
f5 e5 15. Nb3 d5 16. c4 bxc3 17. Nxc3 Nxc3 18. bxc3 Qc7 19. Rad1 Nf6 20. h4 Ne4 21.
Bxe4 dxe4 22. g5 hxg5 23. hxg5 Rh3 24. Kg2 Rf3 25. Rh1 Bd6 26. Rh8+ Ke7 27. f6+ gxf6 28. gxf6+ Ke6 29. Nc5+ Bxc5 30. Qc4+ Kf5 31. Rh5+ Kxf6 32. Rh6+ Kg7 33. Rdh1 Rxe3 34. Rh7+ Kg6 35. R1h6+ Kg5 36.
Rh5+ Kg6 37. R5h6+ Kg5 38. Rh5+ Kg6 39. R5h6+ Kg5 40.
Rh5+ Kg6 1/2-1/2

[Event "*** Titled Tuesday Blitz"]
[Site "Chess.com"]
[Date "2019.02.05"]
[Round "2"]
[White "Al_Shima"]
[Black "Shukh_Nikolay"]
[Result "1-0"]
[WhiteElo "2509"]
[BlackElo "2362"]
[TimeControl "180+2"]
[EndTime "13:23:04 PST"]
[Termination "Al_Shima won by resignation"]

1. b3 e5 2. Bb2 Nc6 3. e3 d6 4.
Nf3 Nf6 5. Bb5 Bd7 6. d4 exd4 7. Nxd4 g6 8. Bxc6 bxc6 9. Qf3 Bg7 10. Nxc6 Bxc6 11. Qxc6+ Ke7 12. Nc3 Re8 13. Nd5+ Kf8 14. O-O Nxd5 15. Bxg7+ Kxg7 16. Qxd5 Re5 17. Qd4 Qf6 18.
Rad1 a5 19. a4 Rc5 20. Qxf6+ Kxf6 21. Rd2 Rc3 22. Re1 Rb8 23. e4 Ke6 24. f3 Rb6 25. Kf2 Rbc6 26. Ree2 R6c5 27. Ke1 Kd7 28. Kd1 h5 29. e5 g5 30. exd6 cxd6 31. Rd4 f5 32. Red2 Rc6 33. Rd5 R3c5 34. c4 Ke6 35. g3 g4 36. f4 Rb6 37. Kc2 Ra6 38. Re2+ Kf6 39. Re8 Rac6 40. Rf8+ Kg6 41. Rfxf5 Rxd5 42. Rxd5 Ra6 43.
Rg5+ Kh6 44. Kd3 Ra8 45. Rd5 Rb8 46. Kc3 Re8 47. Rxd6+ Kg7 48. Rd2 Re3+ 49. Kb2 h4 50.
gxh4 Rf3 51. Rg2 Rxf4 52. h3 g3 53. Rxg3+ Kf6 54. Rg5 Rxh4 55. Rxa5 Rxh3 56. Rd5 Ke6 57. a5 1-0

[Event "*** Titled Tuesday Blitz"]
[Site "Chess.com"]
[Date "2019.02.05"]
[Round "2"]
[White "ElGasanov"]
[Black "matiss90"]
[Result "1-0"]
[WhiteElo "2719"]
[BlackElo "2465"]
[TimeControl "180+2"]
[EndTime "13:23:06 PST"]
[Termination "ElGasanov won by resignation"]

1. Nf3 Nf6 2. c4 g6 3. Nc3 Bg7 4. d4 O-O 5. Bg5 d6 6. e3 c5 7. d5 h6 8. Bh4 Qa5 9. Nd2 a6 10. a4 e5 11. Be2 Qc7 12. a5 Nh7 13. O-O f5 14. f3 g5 15. Bf2 Nd7 16. Qb1 e4 17.
fxe4 f4 18. exf4 gxf4 19. Nf3 Ng5 20. Nh4 Ne5 21. Qd1 Qe7 22. Kh1 Bf6 23. Qc2 Ng4 24. Bxg4 Bxg4 25. Ng6 Qf7 26. e5 Bxe5 27. Nxe5 dxe5 28.
Bxc5 f3 29. Bxf8 Rxf8 30. Ne4 Qg6 31. Rae1 Nxe4 32. Qxe4 Qxe4 33. Rxe4 fxg2+ 34. Kxg2 Bh3+ 35. Kxh3 Rxf1 36. Rxe5 Rc1 37. d6 Kf7 38. d7 Rd1 39. Rd5 Rxd5 40. cxd5 Ke7 41. Kg4 Kxd7 42. Kh5 Kd6 43.
Kxh6 Kxd5 44. h4 Kc4 45. h5 Kb3 46. Kg6 Kxb2 47. h6 Ka3 48. h7 Ka4 49. h8=Q Kxa5 50. Qb2 b5 51. Kf5 Kb6 52. Ke4 a5 53. Kd4 1-0

[Event "*** Titled Tuesday Blitz"]
[Site "Chess.com"]
[Date "2019.02.05"]
[Round "2"]
[White "alishersuleymenov"]
[Black "Ekko_li"]
[Result "0-1"]
[WhiteElo "2478"]
[BlackElo "2497"]
[TimeControl "180+2"]
[EndTime "13:23:07 PST"]
[Termination "Ekko_li won by resignation"]

1. d4 Nf6 2. c4 c5 3. d5 d6 4. Nc3 g6 5. e4 Bg7 6. Nf3 O-O 7. h3 a6 8. a4 a5 9. Be2 Na6 10. O-O Nb4 11. Bf4 Nh5 12. Bh2 Bh6 13. Re1 Nf4 14.
Bf1 e5 15. dxe6 fxe6 16. Nb5 Ra6 17. Ra3 e5 18. Nc3 Nc6 19. Bxf4 Bxf4 20. Nd5 Nd4 21.
Nxd4 exd4 22. Nxf4 Rxf4 23. e5 dxe5 24. Rxe5 Raf6 25.
Qe1 Qc7 26. Re8+ Rf8 27. Rxf8+ Rxf8 28. Ra1 Qf4 29. Ra3 Qd6 30. Qxa5 Bd7 31. Ra1 Bc6 32. Qd2 Qf6 33. Re1 Bxa4 34. Re2 b6 35. Qe1 Bd7 36. Re7 Rf7 37. Re5 Kg7 38. Bd3 Kf8 39. b4 Re7 40. f4 Rxe5 41. fxe5 Qf4 42. e6 Bc6 43. e7+ Ke8 44.
b5 Bb7 45. Qe2 Qe3+ 46. Qxe3 dxe3 47. Kf1 Kxe7 48. g3 Bf3 49. Ke1 Kf6 50. h4 Ke5 0-1

[Event "*** Titled Tuesday Blitz"]
[Site "Chess.com"]
[Date "2019.02.05"]
[Round "2"]
[White "Vamostodorecto"]
[Black "monalize"]
[Result "0-1"]
[WhiteElo "2448"]
[BlackElo "2307"]
[TimeControl "180+2"]
[EndTime "13:23:07 PST"]
[Termination "monalize won by resignation"]

1. d4 d5 2. c4 dxc4 3. Nf3 Nf6 4. e3 e6 5. Bxc4 c5 6. O-O a6 7. Nc3 cxd4 8. exd4 Be7 9. Re1 b5 10.
Bb3 Bb7 11. Bg5 O-O 12. d5 exd5 13. Nxd5 Bxd5 14. Bxd5 Nxd5 15. Bxe7 Nxe7 16. Qxd8 Rxd8 17. Rxe7 Nc6 18. Rc7 Nd4 19. Ne5 f6 20. Ng4 Rac8 21.
Rxc8 Rxc8 22. Ne3 Ne6 23. Rd1 Kf7 24. g3 Rc7 25. Rd6 Ra7 26. Rb6 Nc5 27. Nf5 Na4 28. Rb8 Nxb2 29. Nd6+ Kg6 30. h4 Rd7 31. Nb7 Nc4 32.
Nc5 Rd6 33. Rb7 Rc6 34. Nd3 Ne5 35. Nf4+ Kh6 36. Kg2 Rc2 37. Ra7 Rxa2 38. Ne6 Nd3 39. Nxg7 Nxf2 40. Nf5+ Kg6 41. Ne7+ Kf7 42. Kf3 Nd3 43.
Nd5+ Ke6 44. Nc7+ Ke5 45. Ke3 Nb4 46. Nxb5 axb5 47. Rxh7 Nd5+ 48. Kf3 Ra3+ 49. Kg4 b4 50. h5 b3 51. Rb7 Ra4+ 52. Kh3 Nb4 53. Rb5+ Ke6 54.
h6 b2 55. h7 b1=Q 56. Rh5 Qf1+ 57. Kh4 Nd5+ 0-1

[Event "*** Titled Tuesday Blitz"]
[Site "Chess.com"]
[Date "2019.02.05"]
[Round "2"]
[White "ori99"]
[Black "IngOscarArdila"]
[Result "1-0"]
[WhiteElo "2008"]
[BlackElo "2035"]
[TimeControl "180+2"]
[EndTime "13:23:10 PST"]
[Termination "ori99 won by checkmate"]

1. e4 e5 2. Nf3 Nf6 3. Nxe5 d6 4. Nf3 Nxe4 5. Nc3 Nxc3 6. dxc3 Be7 7. Bd3 O-O 8. Bf4 Nd7 9. Qd2 Nf6 10. O-O-O Be6 11. Kb1 c5 12. c4 h6 13. h3 Qb6 14. g4 Qa6 15. b3 Nd7 16. Bxh6 Bf6 17. g5 Be5 18. Nxe5 Nxe5 19. g6 Nxd3 20. gxf7+ Rxf7 21. cxd3 Bf5 22. Be3 b5 23. Ka1 bxc4 24. dxc4 Rb8 25. Qxd6 Rb6 26. Qd8+ Rf8 27. Qd5+ Rf7 28. Bxc5 Rxb3 29.
Qd8+ Kh7 30. Qh4+ Qh6 31. Qxh6+ Kxh6 32. axb3 Bc2 33. Rd6+ Kh7 34. Kb2 Be4 35. Re1 Bg2 36. Re3 Rxf2+ 37. Kc3 Rf5 38. Bd4 Rf7 39. Rg3 Be4 40. Re6 Bg6 41. Rexg6 Rb7 42. Rxg7+ Rxg7 43. Rxg7+ Kh6 44. Kd3 Kh5 45. Ke4 Kh4 46. Kf4 Kh5 47.
Kf5 Kh6 48. Rg8 Kh7 49. Rh8# 1-0

[Event "*** Titled Tuesday Blitz"]
[Site "Chess.com"]
[Date "2019.02.05"]
[Round "2"]
[White "MatthewG-p4p"]
[Black "Arystanner"]
[Result "1-0"]
[WhiteElo "2669"]
[BlackElo "2759"]
[TimeControl "180+2"]
[EndTime "13:23:14 PST"]
[Termination "MatthewG-p4p won by resignation"]

1. c4 e5 2. Nc3 Nc6 3. g3 f5 4.
Bg2 Nf6 5. d3 Bb4 6. e3 O-O 7.
Ne2 f4 8. exf4 exf4 9. Bxf4 d5 10. O-O Be6 11. cxd5 Nxd5 12. Nxd5 Bxd5 13. Bxc7 Qd7 14. Bf4 Bxg2 15. Kxg2 Rfe8 16. Nc3 Rad8 17. Qb3+ Kh8 18.
Rad1 a5 19. a3 Nd4 20. Qc4 Bxc3 21. bxc3 b5 22. Qc7 Qd5+ 23. f3 Rd7 24. Rde1 Ne2 25.
Qxa5 Qxd3 26. Qb4 h6 27. h4 Rf7 28. Bc1 Qg6 29. Qg4 Qc2 30. Kh3 Rfe7 31. Rd1 Nxc3 32. Rd2 Qb3 33. Bb2 Na4 34. Bd4 Qc4 35. Rfd1 Qf7 36.
Rb1 Rb7 37. Rc2 Kh7 38. Rc6 Re2 39. h5 Rd7 40. Qg6+ 1-0

[Event "*** Titled Tuesday Blitz"]
[Site "Chess.com"]
[Date "2019.02.05"]
[Round "2"]
[White "The_bird_of_peace"]
[Black "vovachesss"]
[Result "1-0"]
[WhiteElo "2866"]
[BlackElo "2577"]
[TimeControl "180+2"]
[EndTime "13:23:16 PST"]
[Termination "The_bird_of_peace won by resignation"]

1. d4 c5 2. e3 cxd4 3. exd4 d5 4.
Nf3 Nc6 5. c4 Nf6 6. Nc3 e6 7.
Bd3 Be7 8. O-O O-O 9. Bg5 h6 10. Bh4 dxc4 11. Bxc4 Nd5 12. Bg3 b6 13. Nxd5 exd5 14.
Bb5 Bb7 15. Rc1 Rc8 16. Bf4 Bf6 17. a3 a6 18. Ba4 b5 19. Bc2 Re8 20. Bf5 Ra8 21.
h3 Qb6 22. Be3 Rad8 23. Bb1 g6 24. Qd2 h5 25. Rfd1 Ne7 26. Ne5 Bg7 27. Re1 Nc6 28. Bg5 Rc8 29. Be3 Nxe5 30. dxe5 Qe6 31. f4 Rxc1 32. Rxc1 f6 33. Bxg6 Rf8 34. Rc7 fxe5 35. f5 Rxf5 36. Bxf5 Qxf5 37. Rxb7 d4 38. Bh6 Bf6 39.
Qf2 Qb1+ 40. Kh2 Qg6 41. Qg3 Qxg3+ 42. Kxg3 e4 43. Rd7 d3 44. b3 Be5+ 45. Kf2 a5 46. a4 bxa4 47. bxa4 Bc3 48. Be3 1-0

[Event "*** Titled Tuesday Blitz"]
[Site "Chess.com"]
[Date "2019.02.05"]
[Round "2"]
[White "severomorskij"]
[Black "nocnypako"]
[Result "1-0"]
[WhiteElo "2713"]
[BlackElo "2295"]
[TimeControl "180+2"]
[EndTime "13:23:16 PST"]
[Termination "severomorskij won on time"]

1. d4 Nf6 2. Bg5 e6 3. e4 h6 4. Bxf6 Qxf6 5. c3 Nc6 6. Bd3 g5 7. Ne2 h5 8. O-O h4 9. f4 g4 10.
Na3 Bxa3 11. bxa3 b6 12. a4 Bb7 13. Rb1 O-O-O 14. Nc1 Nxd4 15. e5 Nf3+ 16. gxf3 Qxf4 17.
fxg4 Qxe5 18. Rb5 c5 19. Qe2 Qxc3 20. Nb3 Rhg8 21. Be4 Bxe4 22. Qxe4 d5 23. Qf4 f5 24. g5 Qf6 25. Kh1 Qxg5 26. Qxg5 Rxg5 27. a5 Kc7 28. axb6+ axb6 29. a4 Kc6 30. Nd2 Ra8 31. Rfb1 Ra6 32. Nf3 Rg8 33. Nxh4 Rg4 34. Nf3 Rgxa4 35. h4 Ra3 36.
Kg2 d4 37. h5 d3 38. h6 Ra2+ 39. Kg3 R2a5 40. h7 Ra8 41. Rxb6+ Kd5 42. Rb8 1-0

[Event "*** Titled Tuesday Blitz"]
[Site "Chess.com"]
[Date "2019.02.05"]
[Round "2"]
[White "idvidal"]
[Black "albi1999"]
[Result "1-0"]
[WhiteElo "2484"]
[BlackElo "2493"]
[TimeControl "180+2"]
[EndTime "13:23:18 PST"]
[Termination "idvidal won by resignation"]

1. c4 e5 2. Nc3 Nf6 3. g3 Bb4 4. Bg2 O-O 5. e3 Bxc3 6. bxc3 d6 7. d3 c6 8. Ne2 Re8 9. e4 d5 10. cxd5 cxd5 11. exd5 Nxd5 12. O-O Nc6 13. Rb1 Rb8 14.
c4 Nb6 15. Nc3 Bf5 16. Ne4 Qd7 17. Ba3 Bh3 18. Bc5 Bxg2 19. Kxg2 Nc8 20. Qf3 b6 21. Be3 N8e7 22. Rfd1 Red8 23. Bg5 Qe6 24. Bxe7 Qxe7 25. h4 Nd4 26. Qe3 h6 27. Nc3 Qb7+ 28. Qe4 Ne6 29. Qxb7 Rxb7 30. Nd5 Nc7 31. Ne7+ Kf8 32.
Nc6 Re8 33. Re1 f6 34. f4 Re6 35. Nd8 Rb8 36. Nxe6+ Nxe6 37. fxe5 f5 38. Rf1 g6 39. h5 Kg7 40. hxg6 Kxg6 41. Rf3 Rd8 42. a4 Nc5 43.
Rbf1 Nxd3 44. Rxf5 Re8 45. Rf6+ Kg7 46. e6 Nc5 47.
Rf7+ Kg6 48. e7 Nd7 49. Kh3 a6 50. Kh4 h5 51. R1f2 Rc8 52. Rf8 Rxc4+ 53. Kh3 1-0

[Event "*** Titled Tuesday Blitz"]
[Site "Chess.com"]
[Date "2019.02.05"]
[Round "2"]
[White "Mikhail_Golubev"]
[Black "JoachimMouhamad"]
[Result "1-0"]
[WhiteElo "2463"]
[BlackElo "2290"]
[TimeControl "180+2"]
[EndTime "13:23:19 PST"]
[Termination "Mikhail_Golubev won by resignation"]

1. e4 c6 2. d4 d5 3. Nc3 dxe4 4. Nxe4 Nf6 5. Nxf6+ exf6 6. c3 Bd6 7. Bd3 O-O 8. Ne2 Re8 9. Qc2 h5 10. Be3 Be6 11.
O-O-O Na6 12. Kb1 b5 13. g4 h4 14. g5 fxg5 15. Rhg1 f6 16. Bh7+ Kh8 17. Qg6 Re7 18. Qh5 Bf7 19. Bg6+ Kg8 20. Qh7+ Kf8 21. Qh8+ Bg8 22.
Bxg5 Rxe2 23. Bh7 Kf7 24. Bg6+ Kxg6 25. Be3+ Kf5 26. Qh5+ g5 27. Qxe2 Kg6 28. f4 Bd5 29.
f5+ Kh6 30. Qg4 Be7 31. Qxh4+ Kg7 32. Rde1 Qh8 33. Qg4 Re8 34. h4 Kf8 35. hxg5 fxg5 36. f6 Qxf6 37. Ref1 Bf7 38. Rxf6 Bxf6 39. Bxg5 Bg7 40.
Qf4 Kg8 41. Bf6 1-0

[Event "*** Titled Tuesday Blitz"]
[Site "Chess.com"]
[Date "2019.02.05"]
[Round "2"]
[White "Fy_Rakotomaharo"]
[Black "volcanoexplorer"]
[Result "1-0"]
[WhiteElo "2458"]
[BlackElo "2359"]
[TimeControl "180+2"]
[EndTime "13:23:19 PST"]
[Termination "Fy_Rakotomaharo won by checkmate"]

1. d4 Nf6 2. c4 e6 3. Nc3 Bb4 4. e3 O-O 5. Ne2 b6 6. a3 Bxc3+ 7.
Nxc3 Bb7 8. Bd3 d6 9. O-O Nbd7 10. e4 Qe7 11. Bg5 h6 12. Bh4 e5 13. d5 g5 14.
Bg3 Nh7 15. h4 Kg7 16. b4 Bc8 17. Nb5 Ndf6 18. c5 a6 19. Nc3 Bg4 20. f3 Bd7 21.
hxg5 hxg5 22. Bf2 bxc5 23. bxc5 Nh5 24. g3 N7f6 25. Qd2 Ne8 26. c6 Bc8 27. Kg2 g4 28.
Be2 f5 29. Rh1 Nef6 30. exf5 Bxf5 31. fxg4 Ne4 32. Qe3 Nxc3 33. Rxh5 Be4+ 34. Kg1 Qf6 35. Rf1 Bg6 36. Qh6+ Kf7 37. Be3 Nxe2+ 38. Kg2 Be4+ 39. Kh2 Qxf1 40. Qe6+ Kg7 41. Bh6+ Kh8 42. Bxf8+ Bh7 43.
Rxh7+ Kxh7 44. Qh6+ Kg8 45. Qg7# 1-0

[Event "*** Titled Tuesday Blitz"]
[Site "Chess.com"]
[Date "2019.02.05"]
[Round "2"]
[White "Orest_Vovk"]
[Black "hermionegrangermagic"]
[Result "1-0"]
[WhiteElo "2243"]
[BlackElo "2297"]
[TimeControl "180+2"]
[EndTime "13:23:20 PST"]
[Termination "Orest_Vovk won by resignation"]

1. g4 e5 2. g5 Qxg5 3. d4 Qf6 4.
dxe5 Qxe5 5. Nf3 Qd6 6. Qxd6 Bxd6 7. Nc3 c6 8. Rg1 Kf8 9. Bd2 Nf6 10. O-O-O Be7 11.
e4 d6 12. Nd4 Be6 13. Nxe6+ fxe6 14. Bh3 Kf7 15. e5 dxe5 16. Rde1 Nbd7 17. f4 e4 18.
Nxe4 Nxe4 19. Rxe4 Nc5 20. Re2 Rad8 21. b4 Na6 22.
Bxe6+ Kf8 23. Bc3 Bf6 24. Bxf6 gxf6 25. Reg2 Ke7 26. f5 Nxb4 27. Rg7+ Kd6 28. Rxb7 Nd5 29. Rxa7 Ra8 30. Rgg7 h5 31. h4 Rxa7 32. Rxa7 Rb8 33. a3 Ke5 34. Kd2 Rb1 35. Ra5 Rh1 36. c4 Rh2+ 37.
Ke1 Kd4 38. cxd5 Ke3 39. Kd1 Kd3 40. Kc1 Rh1+ 41. Kb2 Rh2+ 42. Kb3 Rh1 43. dxc6 Rb1+ 44. Ka4 Rc1 45. Kb5 Rb1+ 46. Ka6 Rc1 47. Kb7 Ke4 48.
c7 Rb1+ 49. Ka7 Rc1 1-0

[Event "*** Titled Tuesday Blitz"]
[Site "Chess.com"]
[Date "2019.02.05"]
[Round "2"]
[White "talento10"]
[Black "Warre"]
[Result "0-1"]
[WhiteElo "2449"]
[BlackElo "2362"]
[TimeControl "180+2"]
[EndTime "13:23:21 PST"]
[Termination "Warre won by resignation"]

1. e4 c5 2. Nf3 d6 3. d4 cxd4 4. Nxd4 Nf6 5. Nc3 a6 6. Bg5 Nbd7 7. Bc4 Qb6 8. Bb3 e6 9. Qd2 Be7 10. f3 Nc5 11. O-O-O Qc7 12. Kb1 b5 13. h4 Bd7 14.
g4 b4 15. Nce2 a5 16. c4 bxc3 17. Nxc3 a4 18. Bc2 Qa5 19. Rh2 O-O 20. Bxf6 Bxf6 21.
g5 Be7 22. h5 a3 23. b3 Bxg5 24. Qe1 Rfb8 25. Rg2 Bf6 26. f4 Be8 27. e5 dxe5 28. fxe5 Be7 29. Qe3 Nd7 30. Rdg1 g6 31. Nc6 Qc5 32.
Qxc5 Bxc5 33. Nxb8 Rxb8 34. hxg6 hxg6 35. Re1 Bd4 36.
Ne4 Bxe5 37. Bd3 Kg7 38. Bc4 Nf6 39. Nxf6 Bxf6 40. Rge2 Bc6 41. Kc2 Rd8 42. Rd1 Rh8 43. Rd3 Rh1 44. b4 Ba4+ 45. Bb3 Bb5 46.
Red2 Bxd3+ 47. Kxd3 Rh3+ 48. Kc4 Rc3+ 49. Kb5 Rxb3 50.
axb3 Bb2 51. Rd1 a2 52. Kc6 a1=Q 53. Rxa1 Bxa1 54. b5 g5 55. b6 g4 56. b7 Be5 0-1